 Dungeon Crawl Stone Soup version 0.31-a0-233-g139696dc86 (webtiles) character file.

Game seed: 4315988952139590774

174 qw the Shooter (level 5, -4/45 HPs)
             Began as a Minotaur Hexslinger on July 7, 2023.
             Slain by a scorpion (5 damage)
             ... on level 4 of the Dungeon.
             The game lasted 00:01:11 (2767 turns).

qw the Shooter (Minotaur Hexslinger)                Turns: 2767, Time: 00:01:12

Health: -4/45      AC:  5    Str: 13      XL:     5   Next: 28%
Magic:  5/5        EV: 11    Int:  9 (10) God:
Gold:   184        SH:  0    Dex: 13 (14) Spells: 5/6 levels left

rFire   . . .        c - +1 sling (heavy)
rCold   . . .        (no shield)
rNeg    . . .        i - +0 ring mail
rPois   .            (helmet restricted)
rElec   .            (no cloak)
rCorr   .            (no gloves)
SInv    .            (no boots)
Will    +....        b - amulet of the acrobat
Stlth   +            k - ring of willpower
HPRegen 0.27/turn    (no ring)
MPRegen 0.09/turn

%: acrobat
@: lethally poisoned (-4 -> -24), about to teleport
A: horns 2, retaliatory headbutt
a: no special abilities


You were on level 4 of the Dungeon.
You visited 1 branch of the dungeon, and saw 4 of its levels.

You collected 184 gold pieces.


Innate Abilities, Weirdness & Mutations

You have a pair of horns on your head.
You reflexively headbutt those who attack you in melee.


   Skills:
 - Level 3.0 Fighting
 + Level 5.3 Ranged Weapons
 - Level 1.0 Armour
 - Level 2.1 Dodging
 - Level 1.0 Spellcasting
 - Level 2.0 Hexes


You had 5 spell levels left.
You knew the following spells:

 Your Spells              Type           Power      Damage    Failure   Level
a - Slow                  Hex            16%        N/A       34%         1

Your spell library contained the following spells:

 Spells                   Type           Power      Damage    Failure   Level
 Inner Flame              Hex/Fire       2%         N/A       83%         3
 Portal Projectile        Hex/Tloc       4%         N/A       83%         3
 Cause Fear               Hex            2%         N/A       98%         4

Inventory:

Hand Weapons
 c - a +1 heavy sling (weapon)
Armour
 d - a +1 pair of gloves of strength
 i - a +0 ring mail (worn)
Jewellery
 b - an amulet of the acrobat (around neck)
 k - a ring of willpower (left hand)
 m - a ring of see invisible
Scrolls
 e - 2 scrolls of teleportation
 f - a scroll of identify
 l - a scroll of blinking {unknown}
Potions
 a - a potion of curing
 g - a potion of resistance
 h - a potion of enlightenment
 j - a potion of haste

Dungeon Overview and Level Annotations

Branches:
Dungeon (4/15)
 Temple: D:4-7

Altars:
Cheibriados
Makhleb
Sif Muna
Uskayaw
Wu Jian
Xom


Message History

The scorpion stings you but does no damage.
The goblin barely misses you.
You shoot a sling bullet. The sling bullet hits the scorpion.
The scorpion is lightly wounded.
The scorpion barely misses you. The goblin hits you with a +0 club.
The scorpion stings you. The goblin hits you but does no damage.
You shoot a sling bullet.
The sling bullet barely misses the scorpion.
The scorpion stings you.
You are poisoned.
The scorpion poisons you! The goblin barely misses you.
You furiously retaliate!
You headbutt the goblin!
You kill the goblin!
The scorpion closely misses you.
You shoot a sling bullet. The sling bullet hits the scorpion.
The scorpion is moderately wounded.
You feel very sick. The scorpion stings you.
You are more poisoned.
The scorpion poisons you! The scorpion closely misses you.
You furiously retaliate!
You headbutt the scorpion. You shoot a sling bullet.
The sling bullet hits the scorpion!
The scorpion is almost dead.
You feel very sick.
The scorpion stings you but does no damage.
The scorpion stings you.
You are more poisoned.
The scorpion poisons you!
You shoot a sling bullet.
The sling bullet closely misses the scorpion.
You feel extremely sick. The scorpion stings you.
You are more poisoned.
The scorpion poisons you! The scorpion stings you.
2767 ||| READING 3 scrolls of teleportation.
As you read the scroll of teleportation, it crumbles to dust.
You feel strangely unstable.
You feel very sick. The scorpion stings you. x2
You die...

#. #... ######.# ....
.......# ^.... ........
...... ...#.. ..#.....
###.##
##.#.##........##.....
##....)s...............
##....%@................
#.......##.............#
###.#...##..............
#...............###..[
#......>..............)
#...................<.)
#................####.#
#..........#####.# #..#
#..........# #.# #.##


You could see a scorpion.

Vanquished Creatures
  A hound (D:4)
  3 gnolls
  2 adders
  2 worms (D:2)
  2 dart slugs
  7 orcs
  8 endoplasms
  3 giant cockroaches
  4 goblins
  6 hobgoblins
  8 jackals
  5 quokkas
  2 ball pythons (D:3)
  6 bats
  2 frilled lizards
  7 kobolds
  7 rats
75 creatures vanquished.

Vanquished Creatures (others)
  A phantom (D:4)
1 creature vanquished.

Grand Total: 76 creatures vanquished

Notes
Turn   | Place    | Note
-------+----------+-------------------------------------------
     0 | D:1      | qw the Minotaur Hexslinger began the quest for the Orb.
     0 | D:1      | Reached XP level 1. HP: 16/16 MP: 1/1
     0 | D:1      | 0 ||| qw: Version: 0.3-a-46-gb1f654a
     0 | D:1      | 0 ||| qw: Game counter: 3337
     0 | D:1      | 0 ||| qw: Melee chars always use a shield: true
     0 | D:1      | 0 ||| qw: God list: Okawaru
     0 | D:1      | 0 ||| qw: Allow faded altars: false
     0 | D:1      | 0 ||| qw: Do Orc after clearing Dungeon:15 true
     0 | D:1      | 0 ||| qw: Do second Lair branch before Depths: true
     0 | D:1      | 0 ||| qw: Lair rune preference: random
     0 | D:1      | 0 ||| qw: Goals: Normal
     0 | D:1      | 0 ||| PLANNING D:1-11
    25 | D:1      | 25 ||| FLEEEEING.
    26 | D:1      | 26 ||| FLEEEEING.
    57 | D:1      | Reached skill level 3 in Ranged Weapons
    57 | D:1      | Reached XP level 2. HP: 23/23 MP: 2/2
   664 | D:1      | Reached XP level 3. HP: 17/29 MP: 3/3
   946 | D:1      | 946 ||| UPGRADING to +0 ring mail.
   956 | D:1      | 956 ||| DROPPING +0 robe.
   957 | D:1      | 957 ||| READING scroll labelled VIASOUJAOPT.
   958 | D:1      | 958 ||| READING 2 scrolls labelled DIUJIDD RUMUMN.
   959 | D:1      | 959 ||| READING 2 scrolls labelled MOSTIC REEWKO.
   960 | D:1      | 960 ||| READING scroll labelled QAZIYB KYSETIX.
   961 | D:1      | 961 ||| READING scroll labelled GOZIPH DOJA.
   966 | D:1      | 966 ||| DROPPING scroll of poison.
   967 | D:1      | 967 ||| DROPPING scroll of immolation.
  1293 | D:2      | Reached skill level 4 in Ranged Weapons
  1771 | D:2      | 1771 ||| READING scroll labelled ITHRYO BE POGA.
  1772 | D:2      | 1772 ||| READING scroll labelled ZYCEPU DAMINN.
  1773 | D:2      | 1773 ||| DRINKING 2 bubbling pink potions.
  1774 | D:2      | 1774 ||| READING 6 scrolls of identify.
  1774 | D:2      | 1774 ||| IDENTIFYING fizzy golden potion
  1775 | D:2      | 1775 ||| READING 5 scrolls of identify.
  1775 | D:2      | 1775 ||| IDENTIFYING coppery potion
  1776 | D:2      | 1776 ||| READING 4 scrolls of identify.
  1776 | D:2      | 1776 ||| IDENTIFYING bubbling emerald potion
  1777 | D:2      | 1777 ||| READING 3 scrolls of identify.
  1777 | D:2      | 1777 ||| IDENTIFYING puce potion
  1778 | D:2      | 1778 ||| READING 2 scrolls of identify.
  1778 | D:2      | 1778 ||| IDENTIFYING ruby potion
  1779 | D:2      | 1779 ||| DROPPING potion of attraction.
  1780 | D:2      | 1780 ||| DROPPING potion of degeneration.
  1797 | D:3      | 1797 ||| STAIRDANCE
  1801 | D:2      | Reached skill level 1 in Armour
  1926 | D:3      | Found an ornate altar of the Wu Jian Council.
  1929 | D:3      | Found a snail-covered altar of Cheibriados.
  1938 | D:3      | Found a hide-covered altar of Uskayaw.
  1944 | D:3      | Found a shimmering altar of Xom.
  1949 | D:3      | Found a burning altar of Makhleb.
  1952 | D:3      | Found a shimmering blue altar of Sif Muna.
  2194 | D:3      | Identified the +0 scale mail of Fedhas's Envy {+Blink rC+
                  | Str-2 Int+4}
  2349 | D:3      | Reached XP level 4. HP: 32/36 MP: 4/4
  2468 | D:3      | 2468 ||| UPGRADING to amulet of the acrobat.
  2473 | D:3      | 2473 ||| UPGRADING to ring of willpower.
  2474 | D:3      | 2474 ||| READING 4 scrolls labelled GEUFOU KAUHUNU.
  2475 | D:3      | 2475 ||| READING 2 scrolls of identify.
  2475 | D:3      | 2475 ||| IDENTIFYING orange potion
  2476 | D:3      | 2476 ||| DROPPING 3 scrolls of fear.
  2484 | D:4      | 2484 ||| STAIRDANCE
  2519 | D:4      | 2519 ||| STAIRDANCE
  2526 | D:3      | HP: 9/36 [gnoll/+0 club (7)]
  2527 | D:3      | 2527 ||| DRINKING potion of heal wounds.
  2530 | D:3      | Reached skill level 5 in Ranged Weapons
  2670 | D:4      | Killed a phantom
  2699 | D:4      | Reached XP level 5. HP: 44/44 MP: 5/5
  2700 | D:4      | Reached skill level 3 in Fighting
  2766 | D:4      | HP: 9/45 [scorpion (3)]
  2767 | D:4      | 2767 ||| READING 3 scrolls of teleportation.
  2767 | D:4      | HP: 4/45 [poisoned by a scorpion]
  2767 | D:4      | HP: 1/45 [scorpion (3)]
  2767 | D:4      | Slain by a scorpion

Levels and vault maps discovered:
D:1:      dreamdust_arrival_beginning_and_end, layout_basic,
          chequers_serial_rivers_room_b
D:2:      layout_loops_ring, hangedman_decor_clover_reticule
D:3:      layout_loops_cross, nicolae_overflow_hallway_of_the_gods
D:4:      layout_rooms, lemuel_temple_firewalk_a

Skill      XL: |  1  2  3  4  5 |
---------------+----------------+-----
Ranged Weapons | 3 4 5 |  5.3
Fighting       | 2 3 |  3.0
Armour         | 1 |  1.0
Dodging        | |  2.1
Spellcasting   | |  1.0
Hexes          | |  2.0

Action                     |  1- 3 |  4- 6 || total
---------------------------+-------+-------++-------
   Fire: Sling             |   182 |    60 ||   242
    Use: Scroll            |    12 |     3 ||    15
         Potion            |     1 |     1 ||     2
 Armour: Robe              |     5 |       ||     5
         Ring mail         |    18 |    25 ||    43
  Dodge: Dodged            |    42 |    43 ||    85

Table legend:
 A = Non-vault XP
 B = Vault XP
 C = Vault XP percentage of total XP
 D = Non-vault monster count
 E = Vault monster count
 F = Vault count percentage of total count
                 A         B        C        D         E       F
            +---------+---------+-------+---------+---------+-------
      Total |     249 |       0 |   0.0 |      75 |       0 |   0.0
            +---------+---------+-------+---------+---------+-------
        D:1 |      41 |       0 |   0.0 |      23 |       0 |   0.0
        D:2 |      35 |       0 |   0.0 |      15 |       0 |   0.0
        D:3 |      75 |       0 |   0.0 |      23 |       0 |   0.0
        D:4 |      98 |       0 |   0.0 |      14 |       0 |   0.0
            +---------+---------+-------+---------+---------+-------
